 Seeded DCSS version 0.31-a0-365-gcf821cafb2 (webtiles) character file.

Game seed: 11789063488416477545 (custom seed)

4492 rocky1 the Carver (level 10, -7/70 HPs)
             Began as a Merfolk Gladiator on July 28, 2023.
             Was an Elder of Okawaru.
             Mangled by a two-headed ogre
             ... wielding a +0 giant spiked club
              (31 damage)
             ... on level 7 of the Dungeon.
             The game lasted 00:24:41 (10201 turns).

rocky1 the Carver (Merfolk Gladiator)              Turns: 10201, Time: 00:24:42

Health: -7/70      AC: 11    Str: 14    XL:     10   Next: 38%
Magic:  16/16      EV: 13    Int: 11    God:    Okawaru [****..]
Gold:   264        SH:  0    Dex: 19    Spells: 8/10 levels left

rFire   . . .        B - +1 long sword
rCold   . . .        (no shield)
rNeg    . . .        q - +0 ring mail
rPois   .            (helmet restricted)
rElec   .            t - +2 cloak {Stlth+}
rCorr   .            A - +2 pair of gloves
SInv    +            (no boots)
Will    +....        m - amulet of regeneration
Stlth   ++           j - ring of willpower
HPRegen 1.11/turn    f - ring of wizardry
MPRegen 0.15/turn

%: random rage (3%), wizardry (x1)
@: no status effects
A: (nimble swimmer 2), mertail, beak, see invisible, berserk 1, clever 1
a: Renounce Religion, Heroism, Finesse


You were on level 7 of the Dungeon.
You worshipped Okawaru.
Okawaru was greatly pleased with you.
You visited 2 branches of the dungeon, and saw 8 of its levels.
You also visited: Sewer.

You collected 418 gold pieces.
You spent 154 gold pieces at shops.

Inventory:

Hand Weapons
 B - a +1 long sword (weapon)
Missiles
 b - 9 poisoned darts (quivered)
 d - 3 throwing nets
 e - a javelin
 v - a curare-tipped dart
Armour
 q - a +0 ring mail (worn)
 t - a +2 cloak of stealth (worn)
 u - a +1 helmet of see invisible
 A - a +2 pair of gloves (worn)
Jewellery
 a - a ring of positive energy
 f - a ring of wizardry (right hand)
 g - an amulet of guardian spirit
 j - a ring of willpower (left hand)
 m - an amulet of regeneration (around neck)
Wands
 w - a wand of polymorph (12)
 y - a wand of flame (14)
Scrolls
 h - a scroll of vulnerability
 k - 2 scrolls of enchant armour
 l - a scroll of blinking
 r - 6 scrolls of teleportation
 s - 2 scrolls of silence
 x - 2 scrolls of enchant weapon
Potions
 c - 2 potions of curing
 n - a potion of brilliance
 o - 3 potions of ambrosia
 p - 2 potions of enlightenment
 z - 2 potions of lignification {unknown}


   Skills:
 + Level 3.5 Fighting
 - Level 14.1 Long Blades
 - Level 2.9 Throwing
 + Level 0.3 Armour
 + Level 5.2 Dodging
 + Level 0.5 Spellcasting
 + Level 1.0 Transmutations
 - Level 8.8 Invocations


You had 8 spell levels left.
You knew the following spells:

 Your Spells              Type           Power      Damage    Failure   Level
a - Wereblood             Tmut           2%         N/A       26%         2

Your spell library contained the following spells:

 Spells                   Type           Power      Damage    Failure   Level
 Static Discharge         Conj/Air       0%         2-2/arc   38%         2
 Sublimation of Blood     Necr           0%         N/A       38%         2
 Gell's Gravitas          Tloc           0%         N/A       61%         3
 Inner Flame              Hex/Fire       0%         N/A       61%         3
 Stone Arrow              Conj/Erth      0%         3d7       61%         3
 Teleport Other           Tloc           0%         N/A       61%         3
 Airstrike                Air            0%         2d(0-16)  93%         4
 Yara's Violent Unravell  Hex/Tmut       0%         3d3       99%         5
 Dispersal                Tloc           0%         N/A       100%        6
 Enfeeble                 Hex            0%         N/A       100%        7
 Lehudib's Crystal Spear  Conj/Erth      0%         10d2      100%        8
 Animate Armour           Summ/Erth      Unusable   N/A       N/A         4
 Summon Lightning Spire   Summ/Air       Unusable   N/A       N/A         4
 Summon Hydra             Summ           Unusable   N/A       N/A         7

Dungeon Overview and Level Annotations

Branches:
Dungeon (7/15)             Temple (1/1) D:7           Sewer (visited)

Altars:
Ashenzari
Cheibriados
Dithmenos
Fedhas
Gozag
Hepliaklqana
Makhleb
Nemelex Xobeh
Okawaru
Qazlal
Sif Muna
Trog
Uskayaw
Vehumet
Xom
Yredelemnul
The Shining One

Shops:
D:1 =   D:3 ([!!(


Innate Abilities, Weirdness & Mutations

((You are very nimble when in or above water. (Stealth+, EV+, Speed+++)))
Your lower body shifts to a powerful aquatic tail in water.
You have a beak for a mouth.
You have supernaturally acute eyesight. (SInv)
You sometimes lose your temper in combat.
Your mind is acute. (Int +4, Str/Dex -1)


Message History

Your Transmutations skill increases to level 1!
No target in view!
No target in view!
HP restored.
Things that are here:
a +0 troll leather armour; a troll corpse
Found a scroll of noise.
You now have enough gold to buy a ring of protection from fire on D:1.
You can access your shopping list by pressing '$'.
You now have 264 gold pieces (gained 18).
Found a stone staircase leading up.
A two-headed ogre comes into view.
It is wielding a +0 giant spiked club and a +0 giant club.
You slash the two-headed ogre!
The two-headed ogre is moderately wounded.
The two-headed ogre hits you with a +0 giant spiked club!
The two-headed ogre hits you with a +0 giant club!
You hit the two-headed ogre. You peck the two-headed ogre.
The two-headed ogre is moderately wounded.
You hit the two-headed ogre.
The two-headed ogre is moderately wounded.
The two-headed ogre barely misses you. x2
You hit the two-headed ogre but do no damage.
The two-headed ogre is moderately wounded.
You hit the two-headed ogre.
The two-headed ogre is moderately wounded.
The two-headed ogre hits you with a +0 giant spiked club!!
The two-headed ogre hits you but does no damage.
You slash the two-headed ogre! You peck the two-headed ogre.
The two-headed ogre is severely wounded.
You hit the two-headed ogre but do no damage.
You peck the two-headed ogre.
The two-headed ogre is severely wounded.
The two-headed ogre closely misses you.
The two-headed ogre hits you with a +0 giant club.
You slash the two-headed ogre!
The two-headed ogre is almost dead.
You hit the two-headed ogre.
The two-headed ogre is almost dead.
The two-headed ogre hits you with a +0 giant spiked club!!
You die...

#.# #....#######
#...O@...#
#....#####.#
#.##.#####.#####
#...........#
#######.###.#
#...# #.#
#.#####.## # #.#
#....## .#
#.###.#...####.##


You could see a two-headed ogre.

Vanquished Creatures
  Pikel (D:4)
  A troll (D:7)
  Grinder (D:3)
  Sigmund (D:4)
  A wyvern (D:5)
  Eustachio (D:4)
  Edmund (D:6)
  Duvessa (D:6)
  3 black bears
  An orc warrior (D:6)
  2 sky beasts (D:6)
  3 ogres
  The ghost of cforsyth the Charlatan, an amateur GnAr (D:3)
  2 centaurs
  3 lemures (D:4)
  A kobold brigand (Sewer)
  2 bullfrogs (D:6)
  2 gnoll sergeants (D:6)
  3 scorpions
  5 wights (D:6)
  Dowan (D:6)
  3 orc priests
  Crazy Yiuf (D:3)
  8 hounds
  2 jellies
  2 gnoll boudas (D:6)
  Natasha (thrice) (D:3)
  2 sleepcaps (D:5)
  5 iguanas
  10 adders
  11 gnolls
  7 river rats
  2 white imps
  2 ufetubi (D:4)
  A worm (D:2)
  2 dart slugs (D:3)
  10 orcs
  11 ball pythons
  9 endoplasms
  5 giant cockroaches
  7 goblins
  15 hobgoblins
  2 jackals (Sewer)
  6 quokkas
  7 bats
  9 frilled lizards
  21 kobolds
  8 rats
208 creatures vanquished.

Notes
Turn   | Place    | Note
-------+----------+-------------------------------------------
     0 | D:1      | rocky1 the Merfolk Gladiator began the quest for the Orb.
     0 | D:1      | Reached XP level 1. HP: 16/16 MP: 1/1
    38 | D:1      | You fall into a shaft and drop 1 floor!
    95 | D:2      | Reached XP level 2. HP: 23/23 MP: 2/2
   126 | D:2      | Reached skill level 4 in Long Blades
   410 | D:2      | Reached XP level 3. HP: 28/28 MP: 3/3
  1021 | D:1      | Reached XP level 4. HP: 34/35 MP: 4/4
  1120 | D:1      | Found a faded altar of an unknown god.
  1232 | D:1      | Found Vesyd's Jewellery Emporium.
  1330 | D:2      | Gained mutation: You are frail. (-10% HP) [potion of
                  | mutation]
  1330 | D:2      | Gained mutation: Your mind is acute. (Int +4, Str/Dex -1)
                  | [potion of mutation]
  1959 | D:3      | Found a sparkling altar of Nemelex Xobeh.
  1981 | D:3      | Found an iron altar of Okawaru.
  1999 | D:3      | Became a worshipper of Warmaster Okawaru
  2010 | D:3      | Reached skill level 5 in Dodging
  2147 | D:3      | Reached XP level 5. HP: 31/36 MP: 3/5
  2394 | D:3      | Reached skill level 5 in Long Blades
  2461 | D:3      | Reached skill level 1 in Invocations
  2712 | D:3      | Found Eshranefo's Armour Shop.
  2730 | D:3      | Noticed Natasha
  2731 | D:3      | Found a transporter.
  2737 | D:3      | Killed Natasha
  2739 | D:3      | Found Zig Kusu's Weapon Shop.
  2741 | D:3      | Found a transporter.
  2800 | D:3      | Found a runed translucent door.
  2803 | D:3      | Noticed cforsyth's ghost (amateur GnAr)
  2969 | D:3      | Noticed Natasha
  2982 | D:3      | Killed Natasha
  2983 | D:3      | Reached XP level 6. HP: 21/42 MP: 7/7
  3276 | D:3      | Found Exkak's Weapon Shop.
  3293 | D:3      | Found Jual's Distillery.
  3302 | D:3      | Bought a potion of heal wounds for 70 gold pieces
  3302 | D:3      | Bought a potion of degeneration for 14 gold pieces
  3315 | D:3      | Found a runed translucent door.
  3316 | D:3      | Noticed Crazy Yiuf
  3375 | D:3      | Noticed Grinder
  3389 | D:3      | Killed Grinder
  3389 | D:3      | Reached * piety under Okawaru
  3390 | D:3      | Reached skill level 7 in Long Blades
  3390 | D:3      | Reached XP level 7. HP: 24/46 MP: 7/9
  3557 | D:3      | Killed Crazy Yiuf
  3872 | D:3      | Noticed Natasha
  3883 | D:3      | Killed Natasha
  3946 | D:3      | Found Guekh's Distillery.
  4186 | D:3      | Killed cforsyth's ghost
  4622 | D:4      | Noticed Sigmund
  4659 | D:4      | Killed Sigmund
  4660 | D:4      | Reached skill level 8 in Long Blades
  4666 | D:4      | Found a glowing drain.
  4670 | Sewer    | Entered a sewer
  4872 | Sewer    | Reached XP level 8. HP: 33/52 MP: 11/11
  5455 | D:4      | Found a hazy altar of Hepliaklqana.
  5486 | D:4      | Reached skill level 9 in Long Blades
  5494 | D:4      | Found a radiant altar of Vehumet.
  5725 | D:4      | Noticed Eustachio
  5755 | D:4      | Killed Eustachio
  5756 | D:4      | Reached skill level 5 in Invocations
  5828 | D:4      | Found a burning altar of Makhleb.
  5953 | D:3      | Bought a potion of berserk rage for 70 gold pieces
  6003 | D:5      | Entered Level 5 of the Dungeon
  6116 | D:5      | Reached ** piety under Okawaru
  6127 | D:5      | Reached skill level 10 in Long Blades
  6414 | D:5      | Noticed Pikel
  6854 | D:4      | Killed Pikel
  6854 | D:4      | Reached *** piety under Okawaru
  6855 | D:4      | Reached skill level 11 in Long Blades
  6855 | D:4      | Reached XP level 9. HP: 38/57 MP: 12/14
  6972 | D:4      | Lost mutation: Your mind is acute. (Int +4, Str/Dex -1)
                  | [potion of mutation]
  6972 | D:4      | Lost mutation: You are frail. (-10% HP) [potion of
                  | mutation]
  6972 | D:4      | Gained mutation: You sometimes lose your temper in combat.
                  | [potion of mutation]
  6972 | D:4      | Gained mutation: Your body sometimes deteriorates upon
                  | taking damage. [potion of mutation]
  6972 | D:4      | Gained mutation: You are partially covered in iridescent
                  | scales. (AC +2) [potion of mutation]
  6972 | D:4      | Gained mutation: You have supernaturally acute eyesight.
                  | (SInv) [potion of mutation]
  6973 | D:4      | Lost mutation: You are partially covered in iridescent
                  | scales. (AC +2) [potion of mutation]
  6973 | D:4      | Lost mutation: Your body sometimes deteriorates upon taking
                  | damage. [potion of mutation]
  6973 | D:4      | Gained mutation: You have a beak for a mouth. [potion of
                  | mutation]
  6973 | D:4      | Gained mutation: Your mind is acute. (Int +4, Str/Dex -1)
                  | [potion of mutation]
  7097 | D:5      | Found a blossoming altar of Fedhas.
  7524 | D:5      | Found a hide-covered altar of Uskayaw.
  7617 | D:5      | Found an opulent altar of Gozag.
  8062 | D:6      | Reached skill level 12 in Long Blades
  8214 | D:6      | Noticed Edmund
  8229 | D:6      | Killed Edmund
  8537 | D:6      | Reached **** piety under Okawaru
  8900 | D:6      | Reached skill level 13 in Long Blades
  8908 | D:6      | Reached XP level 10. HP: 70/70 MP: 14/16
  9176 | D:6      | Noticed Duvessa
  9176 | D:6      | Noticed Dowan
  9199 | D:6      | Killed Duvessa
  9211 | D:6      | Killed Dowan
  9819 | D:6      | Reached skill level 14 in Long Blades
 10005 | D:7      | Learned a level 2 spell: Wereblood
 10126 | D:7      | Found a staircase to the Ecumenical Temple.
 10132 | Temple   | Entered the Ecumenical Temple
 10145 | D:7      | Reached skill level 1 in Transmutations
 10189 | D:7      | Noticed a two-headed ogre
 10201 | D:7      | Mangled by a two-headed ogre

Illustrated notes

Levels and vault maps discovered:
D:1:      amcnicky_arrival_gap_in_the_tavern_cellar, layout_rooms,
          shapermc_ecumenical_altar_starsandcircs, serial_shops,
          nicolae_shop_real_fake_doors
D:2:      layout_rooms, minmay_tetromino_s4
D:3:      layout_basic, kennysheep_okawaru_gauntlet,
          mainiacjoe_overflow_24_doors, hellmonk_ghost_happy_afterlife,
          serial_shops, nicolae_shop_tiny_waterfront, nicolae_shop_drivethru,
          nicolae_shop_bloodbath_and_beyond, nicolae_shop_getting_attention,
          shop, minmay_vboxes, uniq_crazy_yiuf_cottage, uniq_grinder,
          uniq_natasha
D:4:      layout_basic, vehumet_altar_wand_db, makhleb_heckhound_becter,
          nicolae_hepliaklqana_hazy_memory, gup_sewer_entry_bowl,
          uniq_eustachio, uniq_sigmund
D:5:      layout_layer_cave, kennysheep_mini_moat, mainiacjoe_overflow_alcove_2,
          nicolae_overflow_hidden_temple, uniq_pikel
D:6:      kennysheep_housing_project, layout_layer_cave, uniq_duvessa,
          uniq_edmund
D:7:      layout_loops_ring, nicolae_ru_the_path_less_chosen, elyvilon_altar_4,
          minmay_temple_entry_ruins
Temple:   nicolae_temple_figure_zero

Skill      XL: |  1  2  3  4  5  6  7  8  9 10 |
---------------+-------------------------------+-----
Long Blades    | 4 5 7 8 11 13 14 | 14.1
Fighting       | 3 |  3.5
Dodging        | 5 |  5.2
Invocations    | 1 3 4 6 8 |  8.8
Transmutations | 1 |  1.0
Throwing       | |  2.9
Armour         | |  0.3
Spellcasting   | |  0.5

Action                     |  1- 3 |  4- 6 |  7- 9 | 10-12 || total
---------------------------+-------+-------+-------+-------++-------
  Melee: Long sword        |    87 |   171 |   457 |   133 ||   848
         Punch             |     1 |     1 |     6 |     2 ||    10
         Tailslap          |       |     1 |    10 |       ||    11
         Peck              |       |       |    34 |    30 ||    64
 Invoke: Heroism           |       |       |       |     1 ||     1
         Finesse           |       |       |       |     1 ||     1
    Use: Scroll            |     1 |     5 |     6 |     3 ||    15
         Potion            |       |     4 |     4 |     3 ||    11
   Stab: Sleeping          |     2 |       |    10 |       ||    12
         Distracted        |       |       |     1 |       ||     1
 Armour: Leather armour    |    22 |    20 |       |       ||    42
         Ring mail         |       |    34 |   164 |    38 ||   236
  Dodge: Dodged            |    74 |   159 |   271 |    85 ||   589

Table legend: (Time is in decaauts)
 A = Elapsed time spent in this place.
 B = Non-inter-level travel time spent in this place.
 C = Inter-level travel time spent in this place.
 D = Time resting spent in this place.
 E = Time spent auto-exploring this place.
 F = Levels seen in this place.
 G = Mean time per level.
                   A        B        C        D        E       F      G
               +--------+--------+--------+--------+--------+-----+--------+
         Total |  10089 |   9828 |    261 |   3731 |   3935 |   9 | 1121.0 |
       Dungeon |   9461 |   9200 |    261 |   3522 |   3757 |   7 | 1351.6 |
        Temple |      1 |      1 |      0 |      0 |      0 |   1 |    1.0 |
         Sewer |    626 |    626 |      0 |    209 |    178 |   1 |  626.0 |
               +--------+--------+--------+--------+--------+-----+--------+

Top non-repeatable levels by time:
     D:3: 2752 daAuts
     D:6: 1923 daAuts
     D:5: 1534 daAuts
     D:2: 1106 daAuts
     D:4: 1103 daAuts
     D:1: 847 daAuts
   Sewer: 626 daAuts
     D:7: 194 daAuts
  Temple: 1 daAuts
